Map: Port Aleksander LE

Players

Lambo - Winner!

  • Race: Zerg Zerg
  • League: Grandmaster
  • Spawn Location: 5:00

soul

  • Race: Terran Terran
  • League: Grandmaster
  • Spawn Location: 11:00

VOD

Have the link to the VOD?

Description

Time

  • Played on: Feb. 9, 2019, 8:59 a.m.
  • Length: 4:55
Show
View Real Time Build Order
Export as new Build Order

Lambo Zerg - Winner!

Build Orders: Hatch First, Roach Nydus 

Get SALT Encoding   

  12  0:00  Drone  
  13  0:12  Overlord  
  13  0:17  Drone  
  14  0:31  Drone x2  
  16  0:48  Hatchery  
  15  0:52  Drone  
  15  0:55  Drone  
  17  0:58  Drone  
  18  1:09  Extractor  
  17  1:14  Spawning Pool  
  17  1:18  Drone  
  17  1:21  Drone  
  18  1:28  Drone  
  19  1:42  Drone  
  20  1:57  Overlord  
  20  2:01  Queen  
  20  2:03  Zergling x4  
  24  2:10  Lair  
  24  2:15  Drone  
  25  2:17  Drone  
  25  2:22  Drone  
  27  2:23  Drone  
  28  2:33  Drone  
  28  2:34  Extractor  
  28  2:36  Queen  
  28  2:42  Drone  
  30  2:44  Roach Warren  
  30  2:45  Drone x2  
  31  2:54  Drone  
  32  3:07  Overlord  
  32  3:10  Nydus Network  
  32  3:12  Overlord  
  31  3:15  Queen  
  33  3:26  Roach x2  
  37  3:29  Roach  
  37  3:32  Roach  
  41  3:36  Roach  
  41  3:39  Roach  
  45  3:44  Roach  
  46  3:49  Nydus Canal  
  46  3:57  Roach x2  
  50  4:05  Nydus Canal  
  50  4:14  Roach  
  51  4:24  Overlord  
  51  4:25  Overlord  
  51  4:45  Spore Crawler  
  48  4:46  Spore Crawler  
Show
View Real Time Build Order
Export as new Build Order

soul Terran 

Build Orders: Gas First Reaper Expand 

Get SALT Encoding   

  12  0:01  SCV  
  13  0:13  SCV  
  14  0:18  Supply Depot  
  14  0:25  SCV  
  15  0:30  Refinery  
  15  0:39  SCV  
  16  0:45  Barracks  
  16  0:51  SCV  
  17  1:04  SCV  
  18  1:16  SCV  
  19  1:33  Reaper, Orbital Command  
  20  1:44  Command Center  
  20  1:56  Factory  
  20  2:00  SCV  
  21  2:08  Barracks Reactor  
  21  2:12  SCV  
  22  2:16  Supply Depot  
  22  2:19  Refinery  
  22  2:24  SCV  
  23  2:38  SCV  
  24  2:45  Starport  
  24  2:50  SCV  
  25  2:57  Orbital Command  
  24  3:00  Hellion x2  
  24  3:02  Marine  
  24  3:04  SCV  
  30  3:18  SCV  
  31  3:21  Starport Tech Lab, Hellion x2  
  31  3:24  SCV  
  36  3:33  Supply Depot  
  36  3:34  SCV  
  36  3:40  Banshee  
  40  3:44  SCV  
  41  3:52  Bunker  
  41  3:55  Bunker  
  41  3:56  Marine  
  41  3:57  Marine  
  41  3:58  Factory Tech Lab  
  42  4:14  Marine x2  
  38  4:32  Marine x2  
  34  4:43  SCV x2  
Tags
 
Add a new tag
Caveats
  • Supply blocks, unpowered buildings, or Contaminate may cause inaccurate times.
  • Supply counts are checked every 10 seconds.